 Dungeon Crawl Stone Soup version 0.27-a0-1232-gc6a4cbde82 (webtiles) character file.

Game seed: 12381459220589099493

260 mordus the Cudgeller (level 5, -2/50 HPs)
             Began as a Troll Monk on June 8, 2021.
             Slain by a gnoll sergeant
             ... wielding a +0 trident of venom
              (6 damage)
             ... on level 4 of the Dungeon.
             The game lasted 00:04:57 (2972 turns).

mordus the Cudgeller (Troll Monk)                   Turns: 2972, Time: 00:04:58

Health: -2/50      AC:  4    Str: 19    XL:     5   Next: 95%
Magic:  4/4        EV: 10    Int:  6    God:
Gold:   146        SH:  0    Dex: 13    Spells: 4/4 levels left

rFire    . . .     SeeInvis .   a - +0 mace
rCold    . . .     Faith    .   (no shield)
rNeg     . . .     Spirit   .   b - +0 robe
rPois    .         Reflect  .   (helmet restricted)
rElec    .         Harm     .   (no cloak)
rCorr    .         Rampage  .   (gloves unavailable)
Will     .....                  (boots unavailable)
Stlth    ++........             (no amulet)
HPRegen  1.16/turn              (no ring)
MPRegen  0.09/turn              (no ring)

@: lethally poisoned (-2 -> -3)
A: large, unfitting armour, claws 3, regeneration 1, shaggy fur 1, tough skin 1
a: no special abilities


You were on level 4 of the Dungeon.
You visited 1 branch of the dungeon, and saw 4 of its levels.

You collected 146 gold pieces.

Inventory:

Hand Weapons
 a - a +0 mace (weapon)
Armour
 b - a +0 robe (worn)
Jewellery
 f - a ring of magical power
Wands
 o - a wand of digging (3)
Scrolls
 e - 2 scrolls of enchant armour {unknown}
 g - a scroll of magic mapping {unknown}
 h - a scroll of summoning {unknown}
 i - 2 scrolls of identify {unknown}
 j - a scroll of fear {unknown}
 k - a scroll of amnesia {unknown}
 n - a scroll of acquirement {unknown}
 q - a scroll of immolation {unknown}
Potions
 c - a potion of degeneration {unknown}
 d - 2 potions of lignification {unknown}
 l - a potion of cancellation {unknown}
 m - a potion of curing {unknown}
 p - a potion of flight {unknown}


   Skills:
 - Level 2.4 Fighting
 * Level 6.1 Maces & Flails
 - Level 2.4 Dodging
 - Level 1.0 Stealth


You had 4 spell levels left.
You didn't know any spells.
Your spell library contained the following spells:

 Spells                   Type           Power      Damage    Failure   Level
 Animate Skeleton         Necr           0%         N/A       45%         1
 Apportation              Tloc           0%         N/A       45%         1
 Corona                   Hex            0%         N/A       45%         1
 Magic Dart               Conj           0%         1d3       45%         1
 Summon Small Mammal      Summ           0%         N/A       45%         1
 Searing Ray              Conj           0%         3d3       58%         2
 Dazzling Flash           Conj/Hex       0%         N/A       83%         3
 Fulminant Prism          Conj/Hex       0%         3d6       99%         4
 Iskenderun's Mystic Bla  Conj/Tloc      0%         2d3       99%         4


Dungeon Overview and Level Annotations

Branches:
Dungeon (4/15)
 Temple: D:4-7

Altars:
Ashenzari
Fedhas
Kikubaaqudgha

Shops:
D:2 [   D:3 =   D:4 ?


Innate Abilities, Weirdness & Mutations

You are too large for most types of armour.
You have claws for hands.
Your natural rate of healing is unusually fast.
You are covered in fur. (AC +1)
You have tough skin. (AC +1)


Message History

Key pressed, stopping explore.
No target in view!
A gnoll is nearby!
The gnoll shouts!
The gnoll sergeant shouts!
You hear a shout!
There are monsters nearby!
There are monsters nearby!
There are monsters nearby!
The gnoll sergeant hits you from afar with a +0 trident of venom!
You are poisoned.
The gnoll closely misses you.
There are monsters nearby!
You feel very sick.
The gnoll shouts!
The gnoll barely misses you. x2
You hit the gnoll sergeant.
The gnoll sergeant is lightly wounded.
You feel very sick.
The gnoll hits you from afar with a +0 spear.
The gnoll sergeant zaps a wand.
The puff of flame hits you!
The now-empty wand crumbles to dust.
The gnoll barely misses you. The gnoll hits you but does no damage.
You feel very sick. The gnoll closely misses you.
You feel sick.
The gnoll sergeant hits you from afar with a +0 trident of venom.
* * * LOW HITPOINT WARNING * * *
You are more poisoned.
* * * LOW HITPOINT WARNING * * *
You feel very sick.
You feel very sick.
You feel very sick.
You feel sick.
You feel sick.
You feel sick.
You feel sick.
You feel sick.
You feel sick.
The gnoll enters a dispersal trap!
The gnoll blinks!
The gnoll sergeant blinks!
The gnoll blinks! x4; You blink.
The gnoll sergeant hits you with a +0 trident of venom.
You die...

#.##.# #.#..........# #.####
#....######.§.#####....# #.# #
#.#####.....###...###..# #.# #
#.#####..§.##.#._.#.##.###(####
#......§.§.#..#...#..#.#.......
#.#####...##..##+##..###.#.....
#.# ##...#...........#..#####.
#.####.g§##)...g......#........
#......#.§..§.@#.#####.#######.
######...#####.#.#####.# ##
##.#####.......##.# #
#..........##.##.# #
#######...###.##.######## ##.##
#............ #.# ####.########
#.#######.# #.........#


You could see a gnoll sergeant.

Vanquished Creatures
  A scorpion (D:4)
  An iguana (D:4)
  4 adders
  6 gnolls
  A dart slug (D:3)
  An orc (D:3)
  6 endoplasms
  5 giant cockroaches
  7 goblins
  6 hobgoblins
  6 jackals
  9 kobolds
  A quokka (D:1)
  8 ball pythons
  7 bats
  5 frilled lizards
  5 rats
79 creatures vanquished.

Vanquished Creatures (others)
  A plant (D:3)
  3 withered plants (D:3)
4 creatures vanquished.

Grand Total: 83 creatures vanquished

Notes
Turn   | Place    | Note
-------+----------+-------------------------------------------
     0 | D:1      | mordus the Troll Monk began the quest for the Orb.
     0 | D:1      | Reached XP level 1. HP: 22/22 MP: 0/0
   147 | D:1      | Found a faded altar of an unknown god.
   159 | D:1      | Reached skill level 3 in Maces & Flails
   221 | D:1      | Reached XP level 2. HP: 26/29 MP: 1/1
   620 | D:1      | Reached XP level 3. HP: 36/36 MP: 2/2
   849 | D:1      | Reached skill level 4 in Maces & Flails
  1111 | D:2      | Found Tero's Armour Boutique.
  1725 | D:2      | Reached XP level 4. HP: 34/44 MP: 3/3
  2043 | D:3      | Found an ancient bone altar of Kikubaaqudgha.
  2044 | D:3      | Found a blossoming altar of Fedhas.
  2134 | D:3      | Found Ennicox's Jewellery Shop.
  2287 | D:4      | Found a broken altar of Ashenzari.
  2287 | D:4      | Noticed a gnoll sergeant
  2494 | D:4      | Reached skill level 5 in Maces & Flails
  2519 | D:4      | Reached XP level 5. HP: 18/50 MP: 4/4
  2694 | D:4      | Reached skill level 6 in Maces & Flails
  2722 | D:4      | Found Cazedgh's Magic Scroll Emporium.
  2972 | D:4      | Slain by a gnoll sergeant

Illustrated notes

Levels and vault maps discovered:
D:1:      matt_arrival_spirals, layout_basic, basic_ecumenical_altar,
          grunt_decor_cap
D:2:      layout_basic, serial_shops, shop, amcnicky_mini_pool_small,
          grunt_ministairs_6
D:3:      layout_rooms, grunt_temple_overflow_growth_and_decay, serial_shops,
          shop, kennysheep_generic_room_11
D:4:      layout_loops_ring, nicolae_ashenzari_skybound, serial_shops,
          shop_scrolls, minmay_misc_feat_hallway, minmay_between

Skill      XL: |  1  2  3  4  5 |
---------------+----------------+-----
Maces & Flails | 3 4 5 6 |  6.1
Fighting       | |  2.4
Dodging        | |  2.4
Stealth        | |  1.0

Action                   |  1- 3 |  4- 6 || total
-------------------------+-------+-------++-------
Melee: Mace              |   162 |    99 ||   261
 Stab: Sleeping          |     4 |     1 ||     5
Armor: Robe              |    74 |    20 ||    94
Dodge: Dodged            |    98 |    67 ||   165

Table legend: (Time is in decaauts)
 A = Elapsed time spent in this place.
 B = Non-inter-level travel time spent in this place.
 C = Inter-level travel time spent in this place.
 D = Time resting spent in this place.
 E = Time spent auto-exploring this place.
 F = Levels seen in this place.
 G = Mean time per level.
                   A        B        C        D        E       F      G
               +--------+--------+--------+--------+--------+-----+--------+
         Total |   3020 |   2900 |    120 |    139 |   2051 |   4 |  755.0 |
       Dungeon |   3020 |   2900 |    120 |    139 |   2051 |   4 |  755.0 |
               +--------+--------+--------+--------+--------+-----+--------+

Top non-repeatable levels by time:
     D:1: 1082 daAuts
     D:2: 797 daAuts
     D:4: 626 daAuts
     D:3: 513 daAuts
